 Dungeon Crawl Stone Soup version 0.14-a0-1653-g0ad7a2c (webtiles) character file.

10840 4tharraofdagon the Frost Mage (level 11, -2/67 (68) HPs)
             Began as a Vampire Ice Elementalist on Dec 27, 2013.
             Was the Champion of Sif Muna.
             Slain by a shark (5 damage)
             ... on Level 2 of the Lair of Beasts on Dec 28, 2013.
             The game lasted 01:17:02 (6209 turns).

4tharraofdagon the Frost Mage (VpIE)                Turns: 6209, Time: 01:17:02

HP  -2/67 (68)   AC 12     Str  7      XL: 11   Next: 36%
MP  27/27        EV 12     Int 20      God: Sif Muna [******]
Gold 385         SH  0     Dex 14      Spells:  4 memorised, 14 levels left

rFire  + . .     SeeInvis +     O - staff of cold
rCold  + + +     Clarity  .     D - +2 robe {rF+}
rNeg   + + +     Conserve .     (no shield)
rPois  +         rCorr    .     (no helmet)
rElec  .         rRot     +     d - +2 cloak
SustAb . .       Spirit   .     (no gloves)
rMut   .         Warding  .     a - +0 pair of boots
Saprov . . .     Stasis   .     (no amulet)
                                (no ring)
                                (no ring)

@: regenerating slowly, studying Ice Magic, very slightly contaminated, hasted,
very quick, somewhat resistant to hostile enchantments, stealthy
A: bottle blood, fangs 3, iridescent scales 1, see invisible, unbreathing
a: Bat Form, Bottle Blood, Channel Energy, Forget Spell, Renounce Religion


You were on level 2 of the Lair of Beasts.
You worshipped Sif Muna.
Sif Muna was exalted by your worship.
You were near bloodless.

You visited 2 branches of the dungeon, and saw 15 of its levels.
You also visited: Bailey and Ice Cave.

You collected 385 gold pieces.

Inventory:

Hand weapons
 f - a +1,+2 dwarven mace of protection
 C - a +3,+0 dagger of distortion
Missiles
 g - 4 javelins (quivered)
Armour
 a - a +0 pair of boots (worn)
 d - a +2 cloak (worn)
 s - a +0 cloak
 D - a +2 robe of fire resistance (worn)
Magical devices
 c - a wand of digging (4)
 v - a wand of lightning (0)
 J - a wand of cold (0)
Scrolls
 e - a scroll of fog {unknown}
 i - 2 scrolls of random uselessness
 j - 2 scrolls of amnesia
 l - a scroll of immolation {unknown}
 n - 5 scrolls of enchant armour {unknown}
 o - 9 scrolls of remove curse {unknown}
 E - a scroll of silence
 G - a scroll of enchant weapon II
Potions
 h - 3 potions of restore abilities
 p - a potion of might
 q - 5 potions of curing
 r - 2 potions of speed
 u - 2 potions of lignification
 w - 3 potions of heal wounds
 z - 2 potions of magic
 A - a potion of beneficial mutation
 B - a potion of brilliance
 I - 2 potions of berserk rage
 L - a potion of mutation
Books
 b - a book of Frost

   Spells                             Type                      Level
   *Freeze                            Ice                          1
   *Throw Frost                       Conjuration/Ice              2
   Ozocubu's Armour                   Charms/Ice                   3
   *Throw Icicle                      Conjuration/Ice              4
   *Summon Ice Beast                  Ice/Summoning                4
   Condensation Shield                Ice                          4
 x - a book of Changes

   Spells                             Type                      Level
   Beastly Appendage                  Transmutation                1
   Sticks to Snakes                   Transmutation                2
   Spider Form                        Transmutation/Poison         3
   Ice Form                           Ice/Transmutation            4
   Blade Hands                        Transmutation                5
 y - Sif Muna's Guide on Combat Magic
   (Sif Muna gifted it to you on level 9 of the Dungeon)

   Spells                             Type                      Level
   Magic Dart                         Conjuration                  1
   Static Discharge                   Conjuration/Air              3
   Orb of Destruction                 Conjuration                  7
   Fire Storm                         Conjuration/Fire             9
 K - a book of Enchantments

   Spells                             Type                      Level
   Cause Fear                         Hexes                        4
   Silence                            Hexes/Air                    5
   Tukima's Dance                     Hexes                        5
   Deflect Missiles                   Charms/Air                   6
   Haste                              Charms                       6
   Discord                            Hexes                        8
 P - a manual of Ice Magic
 Q - a manual of Ice Magic
Magical staves
 H - an uncursed staff of poison
 O - an uncursed staff of cold (weapon)
Miscellaneous
 m - a plain deck of defence
 t - a plain deck of defence


   Skills:
 - Level 2.1 Dodging
 - Level 3.0 Stealth
 + Level 7.8 Spellcasting
 - Level 7.0 Conjurations
 * Level 11.2 Ice Magic
 - Level 8.0 Invocations


You had 14 spell levels left.
You knew the following spells:

 Your Spells              Type           Power        Failure   Level  Hunger
a - Freeze                Ice            ####         1%          1    None
b - Throw Icicle          Conj/Ice       ######..     1%          4    ###....
c - Summon Ice Beast      Ice/Summ       #####.....   10%         4    ###....
d - Throw Frost           Conj/Ice       ######       1%          2    None


Dungeon Overview and Level Annotations

Branches:
Dungeon (13/16)               Orc (0/4) D:9            Lair (2/8) D:8
 Temple: D:4-7

Altars:
Elyvilon
Makhleb
Nemelex Xobeh
Okawaru
Sif Muna
Zin

Annotations:
D:6 Grinder
D:9 exclusion: silver statue


Innate Abilities, Weirdness & Mutations

You heal slowly.
You can bottle blood from corpses.
You have razor-sharp teeth.*
You have supernaturally acute eyesight.
You can survive without breathing.*
You are partially covered in iridescent scales (AC +4).*


Message History

Really walk into that teleport trap?
You enter a teleport trap!
Your surroundings suddenly seem different.
Splash!
You fall into the shallow water.
Moving in this stuff is going to be slow.
Read which item? (? for menu, Esc to quit)
Okay, then.
Drink which item? (? for menu, Esc to quit)
Okay, then.
Drink which item? (? for menu, Esc to quit)
You feel yourself speed up.
You are very lightly contaminated with residual magic.
Unknown command.
The shark bites you!
* * * LOW HITPOINT WARNING * * *
The shark closely misses you.
Unknown command.
The shark bites you.
You die...

... #P........Y...I.##
... ##.#.....##..####
f.. #.#....###### #....
#.#####. #.... ..# # #
≈≈... .###P### ≈≈≈####
.......##
≈≈≈≈≈≈##...≈....f####
..≈≈≈≈≈≈..≈≈≈...@.#≈##
...≈≈≈≈≈≈≈≈≈≈≈≈.≈;≈#≈##
..#≈≈≈≈
≈≈≈≈≈≈≈≈≈≈;≈≈#≈#####
##.≈#
≈..≈≈≈≈≈≈≈≈≈≈≈≈≈≈≈≈#
###
....≈.≈#≈≈≈≈≈≈≈≈≈≈≈#
......##≈≈≈≈≈≈≈≈≈≈
..... #≈≈f#≈≈≈≈≈≈ ##.#
#####≈≈≈≈≈≈ ##≈≈≈


You could see 2 sharks.

Vanquished Creatures
  A necromancer (IceCv)
  Pikel (D:6)
  An orc knight (Bailey)
  2 elephants (Lair:2)
  Psyche (D:8)
  3 red devils (D:10)
  A two-headed ogre (D:9)
  4 yaks
  A hill giant skeleton (D:12)
  2 hungry ghosts
  A soldier ant (D:12)
  2 dwarves (D:7)
  4 orc warriors
  A slave (D:6)
  12 freezing wraiths (IceCv)
  2 ice beasts (IceCv)
  3 ogres
  An alligator simulacrum (IceCv)
  A centaur (D:6)
  A crocodile (Lair:2)
  6 giant frogs
  A big kobold (D:11)
  A spriggan simulacrum (IceCv)
  A wyvern zombie (D:12)
  3 water moccasins
  An elephant simulacrum (IceCv)
  A goliath beetle (D:11)
  5 crimson imps
  A draconian simulacrum (IceCv)
  A hound (D:6)
  An orc priest (D:10)
  Crazy Yiuf (D:7)
  A quasit (D:6)
  A centaur skeleton (D:8)
  A jelly (D:8)
  3 worker ants
  7 orc wizards
  2 scorpions
  An iguana (D:10)
  2 troll simulacra (IceCv)
  2 wolf simulacra (IceCv)
  A centaur simulacrum (IceCv)
  6 adders
  13 gnolls (Bailey)
  An inept item mimic (D:10)
  4 ogre simulacra (IceCv)
  7 white imps (IceCv)
  A giant centipede (D:12)
  2 naga simulacra (IceCv)
  A giant mite (D:7)
  A worm (D:7)
  A scorpion zombie (D:7)
  A giant gecko (D:7)
  An ooze (D:2)
  13 orcs
  2 ball pythons
  6 bats
  A giant cockroach (D:2)
  15 goblins
  3 hobgoblins
  3 jackals (D:2)
  A giant newt (D:7)
  A hobgoblin zombie (D:7)
  16 kobolds
  10 rats
199 creatures vanquished.

Vanquished Creatures (collateral kills)
  A hill giant (D:10)
  An elephant (Lair:2)
  A cyclops (D:12)
  An orange demon (D:9)
  A red devil (D:10)
  A basilisk (Lair:2)
  A ynoxinul (Bailey)
  7 yaks
  A hill giant zombie (D:10)
  A hungry ghost (D:7)
  A manticore (D:8)
  2 freezing wraiths (IceCv)
  5 ice beasts
  2 centaurs (D:9)
  2 wights (D:9)
  An eye of draining (D:9)
  2 draconian simulacra (IceCv)
  A giant frog skeleton (D:10)
  A big kobold zombie (D:12)
  3 centaur simulacra (IceCv)
  An ogre simulacrum (IceCv)
  3 naga simulacra (IceCv)
  5 white imps (IceCv)
  2 orcs
  2 kobolds
  2 goblins
  An orc skeleton (D:10)
52 creatures vanquished.

Vanquished Creatures (others)
  63 ice beasts
63 creatures vanquished.

Grand Total: 314 creatures vanquished

Notes
Turn   | Place    | Note
--------------------------------------------------------------
     0 | D:1      | 4tharraofdagon, the Vampire Ice Elementalist, began the quest for the Orb.
     0 | D:1      | Reached XP level 1. HP: 13/13 MP: 3/3
   182 | D:2      | Reached XP level 2. HP: 16/19 MP: 0/4
   374 | D:2      | Reached skill level 4 in Ice Magic
   374 | D:2      | Reached XP level 3. HP: 24/24 MP: 1/6
   565 | D:4      | Reached XP level 4. HP: 22/30 MP: 2/8
   580 | D:4      | Found a white marble altar of Elyvilon.
   580 | D:4      | Found a deep blue altar of Sif Muna.
   584 | D:4      | Became a worshipper of Sif Muna the Loreminder
   617 | D:4      | Gained mutation: You are partially covered in iridescent scales (AC +4). [potion of mutation]
   649 | D:5      | Entered Level 5 of the Dungeon
   677 | D:5      | Found a glowing silver altar of Zin.
   706 | D:6      | Learned a level 4 spell: Throw Icicle
   710 | D:6      | Reached skill level 1 in Conjurations
   820 | D:6      | Noticed a slave
   821 | D:6      | Noticed a slave
   824 | D:6      | Noticed Pikel
   835 | D:6      | Reached skill level 5 in Ice Magic
   835 | D:6      | Reached XP level 5. HP: 29/34 MP: 3/10
   865 | D:6      | Killed a slave
   947 | D:6      | Noticed a slave
   953 | D:6      | Killed Pikel
   953 | D:6      | Acquired Sif Muna's first power
   953 | D:6      | Reached skill level 6 in Ice Magic
   953 | D:6      | Reached XP level 6. HP: 34/40 MP: 2/13
   953 | D:6      | Reached XP level 7. HP: 38/45 MP: 2/15
   978 | D:6      | Noticed a giant frog
   987 | D:6      | Killed a giant frog
   994 | D:6      | Learned a level 4 spell: Summon Ice Beast
  1002 | D:6      | Got a pitted plate armour
  1004 | D:6      | Noticed Grinder
  1034 | D:7      | Reached skill level 1 in Invocations
  1110 | D:7      | Learned a level 2 spell: Throw Frost
  1166 | D:7      | Acquired Sif Muna's second power
  1235 | D:7      | Found an iron altar of Okawaru.
  1244 | D:7      | Reached XP level 8. HP: 47/51 MP: 11/18
  1288 | D:7      | Found a sparkling altar of Nemelex Xobeh.
  1427 | D:7      | Found a flagged portal.
  1448 | Bailey   | Entered a bailey
  1680 | Bailey   | Noticed an orc knight
  1811 | Bailey   | Killed an orc knight
  1811 | Bailey   | Reached skill level 5 in Spellcasting
  1811 | Bailey   | Reached skill level 7 in Ice Magic
  1949 | D:7      | Noticed Crazy Yiuf
  1953 | D:7      | Killed Crazy Yiuf
  2039 | D:6      | Noticed a centaur
  2046 | D:6      | Killed a centaur
  2046 | D:6      | Reached XP level 9. HP: 43/56 MP: 17/21
  2067 | D:8      | Noticed Psyche
  2077 | D:8      | Found an iron altar of Okawaru.
  2091 | D:8      | Killed Psyche
  2091 | D:8      | Reached skill level 5 in Invocations
  2212 | D:9      | Found a staircase to the Orcish Mines.
  2524 | D:9      | Acquired Sif Muna's third power
  2524 | D:9      | Reached skill level 5 in Conjurations
  2524 | D:9      | Reached skill level 8 in Ice Magic
  2554 | D:10     | Entered Level 10 of the Dungeon
  2562 | D:10     | Noticed a hill giant
  2568 | D:10     | Killed a hill giant
  2662 | D:10     | Reached XP level 10. HP: 62/62 MP: 11/24
  3129 | D:11     | Found a frozen archway.
  3135 | IceCv    | Entered an ice cave
  3506 | IceCv    | Reached skill level 9 in Ice Magic
  3895 | IceCv    | TROLL :D
  4089 | IceCv    | Found an ancient bone altar of Kikubaaqudgha.
  4330 | IceCv    | Noticed an ice statue
  4391 | IceCv    | Noticed a necromancer
  4444 | IceCv    | Killed a necromancer
  4542 | IceCv    | Reached XP level 11. HP: 43/67 MP: 23/26
  4559 | IceCv    | PHEAR MEH
  5039 | D:13     | Noticed a centaur warrior
  5186 | D:12     | Reached skill level 10 in Ice Magic
  5775 | D:9      | Received a gift from Sif Muna
  5776 | D:9      | Identified Sif Muna's Guide on Combat Magic (Sif Muna gifted it to you on level 9 of the Dungeon)
  5949 | D:8      | Found a burning altar of Makhleb.
  6049 | D:8      | Found a staircase to the Lair.
  6054 | Lair:1   | Entered Level 1 of the Lair of Beasts
  6148 | Lair:2   | Reached skill level 11 in Ice Magic
  6208 | Lair:2   | HP: 3/67 [shark (15)]
  6209 | Lair:2   | Slain by a shark

Action                   |  1- 3 |  4- 6 |  7- 9 | 10-12 || total
-------------------------+-------+-------+-------+-------++-------
Melee: Mace              |    29 |    15 |    27 |     2 ||    73
       Unarmed           |     1 |       |       |       ||     1
       Staff             |       |       |       |     6 ||     6
 Cast: Freeze            |    19 |    26 |    70 |    43 ||   158
       Throw Icicle      |       |       |    54 |   224 ||   278
       Throw Frost       |       |       |    40 |     6 ||    46
       Summon Ice Beast  |       |       |    35 |   112 ||   147
Invok: Channel Energy    |       |       |   187 |   446 ||   633
 Abil: Bottle Blood      |       |       |       |     4 ||     4
Evoke: Wand              |       |       |     3 |    19 ||    22
  Use: Potion            |     1 |     3 |     3 |    10 ||    17
       Scroll            |       |     3 |     2 |    12 ||    17
 Stab: Sleeping          |     5 |     1 |       |       ||     6
       Distracted        |       |       |     1 |     1 ||     2
